 Dungeon Crawl Stone Soup version 0.24.1 (webtiles) character file.

Game seed: 13997974008677574448, levelgen mode: deterministic

35 Destapler the Chucker (level 3, 0/28 HPs)
             Began as a Formicid Hunter on Apr 4, 2020.
             Succumbed to an adder's poison
             ... on level 2 of the Dungeon.
             The game lasted 00:04:12 (1570 turns).

Destapler the Chucker (Formicid Hunter)             Turns: 1570, Time: 00:04:13

Health: 0/28       AC:  5    Str: 17    XL:     3   Next: 55%
Magic:  3/3        EV: 11    Int: 10    God:
Gold:   57         SH:  0    Dex: 11    Spells: 2/2 levels left

rFire    . . .     SeeInvis +   a - +0 dagger
rCold    . . .     Gourm    .   (no shield)
rNeg     . . .     Faith    .   n - +0 ring mail
rPois    .         Spirit   .   (helmet unavailable)
rElec    .         Reflect  .   (no cloak)
rCorr    .         Harm     .   (no gloves)
MR       .....                  (no boots)
Stlth    +.........             (no amulet)
HPRegen  0.09/turn              (no ring)
MPRegen  0.08/turn              (no ring)

@: lethally poisoned (0 -> -9)
A: permanent stasis, dig shafts and tunnels, four strong arms, antennae 3
a: Dig, Shaft Self


You were on level 2 of the Dungeon.
You were very hungry.

You visited 1 branch of the dungeon, and saw 2 of its levels.

You collected 57 gold pieces.

Inventory:

Hand Weapons
 a - a +0 dagger (weapon)
 e - a +0 short sword
Missiles
 c - 5 javelins (quivered)
 d - a throwing net
Armour
 b - a +0 leather armour
 n - a +0 ring mail (worn)
Scrolls
 g - a scroll of enchant weapon {unknown}
 h - a scroll of amnesia {unknown}
 i - a scroll of immolation {unknown}
 j - 2 scrolls of remove curse {unknown}
 m - a scroll of teleportation {unknown}
 o - a scroll of noise {unknown}
Potions
 k - 2 potions of lignification
 p - a potion of resistance {unknown}
Comestibles
 f - 2 rations


   Skills:
 + Level 2.7 Fighting
 - Level 0.5 Short Blades
 - Level 4.0 Throwing
 + Level 1.1 Armour
 + Level 2.2 Dodging
 + Level 2.2 Stealth


You had 2 spell levels left.
You didn't know any spells.
Your spell library was empty.

Dungeon Overview and Level Annotations

Branches:
Dungeon (2/15)

Altars:


Innate Abilities, Weirdness & Mutations

You cannot be hasted, slowed, berserked, paralysed or teleported.
You can dig through walls and to a lower floor.
Your four strong arms can wield two-handed weapons with a shield.
You have a pair of large antennae on your head. (SInv)


Message History

Aim: an adder (almost dead)
You throw a javelin. The javelin barely misses the adder.
You feel sick. The adder bites you.
* * * LOW HITPOINT WARNING * * *
You are more poisoned.
The adder poisons you! The adder bites you.
* * * LOW HITPOINT WARNING * * *
You are more poisoned.
The adder poisons you!
It was a potion of lignification.
You turn into a tree.
Your +0 ring mail melds into your body.
Your roots penetrate the ground.
* * * LOW HITPOINT WARNING * * *
You feel sick. The adder bites you but does no damage.
Okay, then.
It was a potion of cancellation.
Your magical effects are unravelling.
You feel magically purged.
You feel less wooden.
Your +0 ring mail unmelds from your body.
You die...

#....#
##.#
#.####
###
#######.#
#.......#
.
#.####..#
..#. #..#
.....
#..#
#...##..#
#(S@..#
#...##.##
#.. ..#
## ###


You could see an adder.

Vanquished Creatures
  2 adders (D:2)
  A worm (D:2)
  A leopard gecko (D:1)
  A goblin (D:1)
  3 hobgoblins
  A kobold (D:2)
  A quokka (D:2)
  A frilled lizard (D:1)
  4 rats
15 creatures vanquished.

Notes
Turn   | Place    | Note
-------+----------+-------------------------------------------
     0 | D:1      | Destapler the Formicid Hunter began the quest for the Orb.
     0 | D:1      | Reached XP level 1. HP: 16/16 MP: 1/1
   522 | D:1      | Reached XP level 2. HP: 22/23 MP: 2/2
  1293 | D:2      | Reached XP level 3. HP: 10/28 MP: 3/3
  1293 | D:2      | Reached skill level 1 in Armour
  1568 | D:2      | HP: 1/28 [adder (1)]
  1570 | D:2      | Succumbed to an adder's poison

Levels and vault maps discovered:
D:1:      minmay_arrival_four_houses, layout_basic
D:2:      layout_loops_corners, kennysheep_cluttered_room, minmay_pentomino_v2

Skill      XL: |  1  2  3 |
---------------+----------+-----
Dodging        | 2 |  2.2
Stealth        | 2 |  2.2
Armour         | 1 |  1.1
Fighting       | |  2.7
Short Blades   | |  0.5
Throwing       | |  4.0

Action                   || total
-------------------------++-------
Melee: Dagger            ||   120
Throw: Javelin           ||     8
       Throwing net      ||     1
  Use: Potion            ||     2
 Stab: Held in net/web   ||     1
  Eat: Chunk             ||     1
Armor: Ring mail         ||    28
       Leather armour    ||     2
       Skin              ||     1
Dodge: Dodged            ||    65
